 Dungeon Sprint DCSS version 0.27-a0-46-g34d46f0a3f (webtiles) character file.

Game seed: 4563287304101982294

995 mhtbhm the Basher (level 7, -8/78 HPs)
             Began as a Minotaur Berserker on Jan 7, 2021.
             Was a Priest of Trog.
             Mangled by a demonic crawler (10 damage)
             ... in the Dungeon (Sprint I: "Red Sonja").
             The game lasted 00:01:17 (661 turns).

mhtbhm the Basher (Minotaur Berserker)               Turns: 661, Time: 00:01:17

Health: -8/78      AC:  2    Str: 23    XL:     7   Next: 99%
Magic:  6/6        EV: 14    Int:  4    God:    Trog [***...]
Gold:   414        SH:  0    Dex: 10    Spells: 6/6 levels left

rFire    . . .     SeeInvis .   a - +0 mace
rCold    . . .     Faith    .   (no shield)
rNeg     . . .     Spirit   .   b - +0 animal skin
rPois    .         Reflect  .   (helmet restricted)
rElec    .         Harm     .   (no cloak)
rCorr    .         Rampage  .   (no gloves)
Will     .....     NoTele   +   (no boots)
Stlth    +.........             (no amulet)
HPRegen  0.23/turn              (no ring)
MPRegen  0.10/turn              (no ring)

@: berserk cooldown, slowed, very slow
A: retaliatory headbutt, horns 2
a: Renounce Religion, Berserk, Trog's Hand


You were in the Dungeon.
You worshipped Trog.
Trog was most pleased with you.
You visited 1 branch You collected 414 gold pieces.

Inventory:

Hand Weapons
 a - a +0 mace (weapon)
Armour
 b - a +0 animal skin (worn)
Wands
 i - a wand of flame (12)
Scrolls
 h - a scroll of blinking
 j - a scroll of fog {unknown}
 k - a scroll of random uselessness {unknown}
Potions
 c - a potion of curing
 d - a potion of heal wounds
 e - a potion of haste
 f - 2 potions of magic
 g - a potion of berserk rage


   Skills:
 + Level 12.5 Fighting
 + Level 13.3 Maces & Flails
 + Level 6.9 Armour
 + Level 6.3 Dodging
 + Level 1.3 Stealth
 + Level 2.7 Evocations


You had 6 spell levels left.
You didn't know any spells.
Your spell library was empty.

Dungeon Overview and Level Annotations

Branches:
Dungeon (1/1)

Altars:
Cheibriados
Dithmenos
Elyvilon
Fedhas
Gozag
Hepliaklqana
Kikubaaqudgha
Makhleb
Nemelex Xobeh
Okawaru
Qazlal
Ru
Sif Muna
Trog
Uskayaw
Vehumet
Wu Jian
Xom
Yredelemnul
Zin
The Shining One
Jiyva
Lugonu

Shops:
D :


Innate Abilities, Weirdness & Mutations

You reflexively headbutt those who attack you in melee.
You have a pair of horns on your head.


Message History

You are too injured to fight recklessly!
You are too injured to fight recklessly!
You are too injured to fight recklessly!
You are too injured to fight recklessly!
You are too injured to fight recklessly!
You are too injured to fight recklessly!
You are too injured to fight recklessly!
You are too injured to fight recklessly!
You are too injured to fight recklessly!
You are too injured to fight recklessly!
You are too injured to fight recklessly!
The demonic crawler barely misses you. The demonic crawler hits you.
* * * LOW HITPOINT WARNING * * *
The demonic crawler hits you!
* * * LOW HITPOINT WARNING * * *
The demonic crawler barely misses you. x2; The demonic crawler misses you.
The demonic crawler hits you!
* * * LOW HITPOINT WARNING * * *
The demonic crawler hits you!
You die...

########################
.#..)..#..'..#__#ss'K..#
.)..#..').#..'^.@.s#...#
.#####'#####'#__####...Kss#
.####..#...#.#### ####ss+
.#__####..##.# ##
.#_____##'#_.+
⌠#_.∩...÷..._#
##_..__##_.#'#
#_____###+#.# ####### ###


You could see 3 demonic crawlers and a kobold demonologist.

Vanquished Creatures
  A kobold demonologist (D)
  A slime creature (D)
  Sigmund (D)
  A yak (D)
  A floating eye (D)
  An ogre (D)
  A jelly (D)
  Ijyb (D)
8 creatures vanquished.

Notes
Turn   | Place    | Note
-------+----------+-------------------------------------------
     0 | D        | mhtbhm the Minotaur Berserker began the quest for the Orb.
     0 | D        | Reached XP level 1. HP: 19/19 MP: 0/0
     2 | D        | Noticed Ijyb
     5 | D        | Killed Ijyb
     6 | D        | Reached skill level 5 in Fighting
     6 | D        | Reached skill level 5 in Maces & Flails
     6 | D        | Reached XP level 2. HP: 25/29 MP: 1/1
   129 | D        | Noticed an ogre
   132 | D        | Killed an ogre
   133 | D        | Reached skill level 7 in Maces & Flails
   133 | D        | Reached XP level 3. HP: 40/40 MP: 2/2
   133 | D        | Reached XP level 4. HP: 48/48 MP: 3/3
   137 | D        | Noticed Sigmund
   142 | D        | Killed Sigmund
   142 | D        | Reached ** piety under Trog
   143 | D        | Reached skill level 10 in Maces & Flails
   143 | D        | Reached skill level 5 in Armour
   143 | D        | Reached skill level 1 in Evocations
   143 | D        | Reached XP level 5. HP: 45/58 MP: 4/4
   143 | D        | Reached XP level 6. HP: 51/66 MP: 5/5
   203 | D        | Found an ornate altar of the Wu Jian Council.
   203 | D        | Found a shimmering blue altar of Sif Muna.
   205 | D        | Found a radiant altar of Vehumet.
   212 | D        | Reached skill level 10 in Fighting
   271 | D        | Found Zoicoug's Book Emporium.
   271 | D        | Found an ancient bone altar of Kikubaaqudgha.
   271 | D        | Found a hazy altar of Hepliaklqana.
   271 | D        | Found a stormy altar of Qazlal.
   271 | D        | Found a hide-covered altar of Uskayaw.
   271 | D        | Found a blossoming altar of Fedhas.
   271 | D        | Found a bloodstained altar of Trog.
   271 | D        | Found an iron altar of Okawaru.
   271 | D        | Found a basalt altar of Yredelemnul.
   271 | D        | Found a glowing golden altar of the Shining One.
   271 | D        | Found a snail-covered altar of Cheibriados.
   271 | D        | Found a sacrificial altar of Ru.
   271 | D        | Found a glowing silver altar of Zin.
   271 | D        | Found a shadowy altar of Dithmenos.
   271 | D        | Found a white marble altar of Elyvilon.
   271 | D        | Noticed a yak
   280 | D        | Killed a yak
   281 | D        | Reached skill level 11 in Maces & Flails
   281 | D        | Reached skill level 5 in Dodging
   281 | D        | Found an opulent altar of Gozag.
   282 | D        | Found a sparkling altar of Nemelex Xobeh.
   569 | D        | Found a burning altar of Makhleb.
   569 | D        | Found a viscous altar of Jiyva.
   569 | D        | Found a shimmering altar of Xom.
   569 | D        | Found a corrupted altar of Lugonu.
   569 | D        | Noticed a slime creature
   576 | D        | Killed a slime creature
   577 | D        | Reached skill level 12 in Maces & Flails
   577 | D        | Reached XP level 7. HP: 74/74 MP: 6/6
   639 | D        | Noticed a kobold demonologist
   639 | D        | Noticed a kobold demonologist
   640 | D        | Noticed a hellwing
   640 | D        | Paralysed by a floating eye for 3 turns
   645 | D        | Reached *** piety under Trog
   651 | D        | Killed a kobold demonologist
   652 | D        | Reached skill level 13 in Maces & Flails
   652 | D        | Reached skill level 1 in Stealth
   652 | D        | Noticed a demonic crawler
   652 | D        | Noticed a demonic crawler
   652 | D        | Noticed a demonic crawler
   652 | D        | Noticed a demonic crawler
   661 | D        | HP: 2/78 [demonic crawler (10)]
   661 | D        | Mangled by a demonic crawler

Illustrated notes

Levels and vault maps discovered:
D:        dungeon_sprint_1 [red_sonja_temple_1, red_sonja_temple_small_1]

Skill      XL: |  1  2  3  4  5  6  7 |
---------------+----------------------+-----
Fighting       | 5 7 9 11 12 | 12.5
Maces & Flails | 5 7 10 12 13 | 13.3
Armour         | 3 4 5 6 |  6.9
Dodging        | 3 4 5 6 |  6.3
Evocations     | 1 2 |  2.7
Stealth        | 1 |  1.3

Action                   |  1- 3 |  4- 6 |  7- 9 || total
-------------------------+-------+-------+-------++-------
Melee: Mace              |     4 |    17 |    11 ||    32
       Headbutt          |     1 |     6 |     2 ||     9
Invok: Berserk           |     2 |     3 |     1 ||     6
Evoke: Wand              |       |     6 |       ||     6
Armor: Animal skin       |       |     2 |       ||     2
Dodge: Dodged            |     1 |     3 |     9 ||    13

Table legend: (Time is in decaauts)
 A = Elapsed time spent in this place.
 B = Non-inter-level travel time spent in this place.
 C = Inter-level travel time spent in this place.
 D = Time resting spent in this place.
 E = Time spent auto-exploring this place.
 F = Levels seen in this place.
 G = Mean time per level.
                   A        B        C        D        E       F      G
               +--------+--------+--------+--------+--------+-----+--------+
         Total |    699 |    699 |      0 |    508 |      0 |   1 |  699.0 |
       Dungeon |    699 |    699 |      0 |    508 |      0 |   1 |  699.0 |
               +--------+--------+--------+--------+--------+-----+--------+

Top non-repeatable levels by time:
       D: 699 daAuts
